 Dungeon Crawl Stone Soup version 0.15.2 (webtiles) character file.

389 magipi the Ruinous (level 6, -11/36 HPs)
             Began as a High Elf Conjurer on June 7, 2016.
             Mangled by Menkaure (14 damage)
             ... on Level 5 of the Dungeon.
             The game lasted 00:26:15 (4150 turns).

magipi the Ruinous (High Elf Conjurer)              Turns: 4150, Time: 00:26:16

HP -11/36        AC  7     Str  7      XL: 6   Next: 49%
MP   6/18        EV 13     Int 20      God:
Gold 135         SH  0     Dex 17      Spells:  2 memorised,  7 levels left

rFire  . . .     SeeInvis .     a - +1 dagger (freeze)
rCold  . . .     Clarity  .     d - +0 robe
rNeg   . . .     rCorr    .     (no shield)
rPois  .         rRot     .     g - +0 helmet
rElec  .         Spirit   .     (no cloak)
SustAb .         Warding  .     m - +1 pair of gloves
rMut   .         Stasis   .     q - +1 pair of boots
Gourm  .                        (no amulet)
MR     .....                    (no ring)
                                (no ring)

@: not resistant to hostile enchantments, unstealthy
A: no striking features
a: no special abilities


You were on level 5 of the Dungeon.
You were very hungry.

You visited 1 branch of the dungeon, and saw 5 of its levels.

You collected 135 gold pieces.

Inventory:

Hand weapons
 a - a +1 dagger of freezing (weapon)
 b - a +0 blowgun
 o - a +3 whip
Missiles
 e - 8 tomahawks of returning (quivered)
 w - a throwing net
 y - 36 poisoned needles
Armour
 d - a +0 robe (worn)
 g - a +0 helmet (worn)
 m - a +1 pair of gloves (worn)
 q - a +1 pair of boots (worn)
 x - a steam dragon hide
Magical devices
 k - a wand of magic darts (3)
 p - a wand of random effects (13)
Comestibles
 h - 3 meat rations
 n - a rotting chunk of bat flesh
 r - a chunk of adder flesh
 z - a bread ration
Scrolls
 t - 4 scrolls of identify
Jewellery
 j - an uncursed ring of fire
Potions
 f - 3 potions of might
 s - a potion of curing
 u - 2 potions of berserk rage
Books
 c - a book of Conjurations

   Spells                             Type                      Level
   *Magic Dart                        Conjuration                  1
   Searing Ray                        Conjuration                  2
   Dazzling Spray                     Conjuration/Hexes            3
   Fulminant Prism                    Conjuration/Hexes            4
   Iskenderun's Mystic Blast          Conjuration                  4
   *Iskenderun's Battlesphere         Conjuration/Charms           5


   Skills:
 - Level 2.1 Dodging
 - Level 2.1 Stealth
 - Level 4.0 Spellcasting
 - Level 6.3 Conjurations
 * Level 5.0 Charms


You had 7 spell levels left.
You knew the following spells:

 Your Spells              Type           Power        Failure   Level  Hunger
a - Magic Dart            Conj           ####         1%          1    None
b - Iskenderun's Battles  Conj/Chrm      ####....     38%         5    #####..


Dungeon Overview and Level Annotations

Branches:
Dungeon (5/15)
 Temple: D:4-7

Altars:
Fedhas
Nemelex Xobeh
Trog
Xom

Annotations:
D:2 Terence
D:5 Menkaure

Vault maps used:
D:1:      sevenhm_arrival_forest_fort_small_3, minmay_hedge_maze, st_stairs_6,
          grunt_decor_one_mirror
D:2:      xom_butterflies, gammafunk_temple_overflow_claw, uniq_terence
D:3:      uniq_iyjb
D:4:      first_bread, nemelex_dance_club_becter
D:5:      zin_angel, minmay_temple_entry_fiery,
          nicolae_ossuary_entry_false_entrances, uniq_menkaure


Message History

You hear the hiss of an avalanche of sand, a long way away.
You see here a ring mail.
Casting: Magic Dart
Confirm with . or Enter, or press ? or * to list all spells.
You miscast Iskenderun's Battlesphere.
You are very lightly contaminated with residual magic.
Nothing appears to happen.
You are feeling hungry.
You start resting.
Magic restored.
You start waiting.
Your magical contamination has completely faded away.
Casting: Iskenderun's Battlesphere
Confirm with . or Enter, or press ? or * to list all spells.
You conjure a globe of magical energy.
You are feeling very hungry.
You swap places.
You hear the hiss of a distant avalanche of sand.
Menkaure shouts!
An ogre comes into view. It is wielding a giant club.
You swap places.
Casting: Iskenderun's Battlesphere
Confirm with . or Enter, or press ? or * to list all spells.
Aiming: Magic Dart
Press: ? - help, Shift-Dir - straight line, f - ogre
Aim: an ogre, wielding a giant club The magic dart hits the ogre.
The ogre is lightly wounded.
Your battlesphere fires!
The barrage of energy hits the ogre.
The ogre is heavily wounded.
The ogre hits your battlesphere with a giant club!
Your battlesphere is destroyed!
Casting: Magic Dart
Confirm with . or Enter, or press ? or * to list all spells.
Aiming: Magic Dart
Press: ? - help, Shift-Dir - straight line, f/p - ogre
Aim: an ogre, wielding a giant club (heavily wounded)
The magic dart hits the ogre.
The ogre is heavily wounded.
Menkaure mumbles some strange words.
Menkaure seems to speed up.
Unknown command.
Casting: Magic Dart
Confirm with . or Enter, or press ? or * to list all spells.
Aiming: Magic Dart
Press: ? - help, Shift-Dir - straight line, f/p - ogre
Aim: an ogre, wielding a giant club (magical condensation, heavily wounded)
The magic dart hits the ogre.
The ogre is severely wounded.
Unknown command.
Casting: Magic Dart
Confirm with . or Enter, or press ? or * to list all spells.
Aiming: Magic Dart
Press: ? - help, Shift-Dir - straight line, f/p - ogre
Aim: an ogre, wielding a giant club (severely wounded)
The magic dart hits the ogre.
The ogre is almost dead.
The ogre hits you with a giant club!
Unknown command.
Casting: Magic Dart
Confirm with . or Enter, or press ? or * to list all spells.
Aiming: Magic Dart
Press: ? - help, Shift-Dir - straight line, f/p - ogre
Aim: an ogre, wielding a giant club (almost dead)
The magic dart hits the ogre.
You kill the ogre!
Your Charms skill increases to level 5!
Menkaure calls on the powers of darkness!
Your body is wracked with pain!
Menkaure calls on the powers of darkness!
Your body is wracked with pain!
* * * LOW HITPOINT WARNING * * *
Menkaure calls on the powers of darkness!
Your body is wracked with pain!
* * * LOW HITPOINT WARNING * * *
You see here a ring mail.
You smell something rotten. (slot n) Menkaure gestures at you while chanting.
Pain shoots through your body!
* * * LOW HITPOINT WARNING * * *
Read which item? (? for menu, Esc to quit)
Okay, then.
You see here a great sword.
Casting: Magic Dart
Confirm with . or Enter, or press ? or * to list all spells.
You conjure a globe of magical energy.
Unknown command.
Casting: Iskenderun's Battlesphere
Confirm with . or Enter, or press ? or * to list all spells.
Aiming: Magic Dart
Press: ? - help, Shift-Dir - straight line, f - Menkaure
Aim: Menkaure (fast)
The magic dart hits Menkaure.
Menkaure is moderately damaged.
Your battlesphere fires!
The barrage of energy hits Menkaure.
Menkaure is severely damaged.
Menkaure hits you!
You die...

. . #.##.# # #.##.#
######## #>##.# .......#
# #.##.# .....<.#
#.##.##.# ...(...#
...##.#
..)....########.##.####.#
................@M%*....#
.......########.##.######
.......# #.##.# .......#
#.##.# ## ######## #....#
... ##...##########....
#....[M...).......
##..##########.... #..#
...


You could see Menkaure.

Table legend:
 A = Kills in this place as a percentage of kills in entire the game.
 B = Kills by you in this place as a percentage of kills by you in the entire game.
 C = Kills by friends in this place as a percentage of kills by friends in the entire game.
 D = Other kills in this place as a percentage of other kills in the entire game.
 E = Experience gained in this place as a percentage of experience gained in the entire game.
 F = Experience gained in this place divided by the number of levels of this place that you have seen.
                   A       B       C       D       E      F
               +-------+-------+-------+-------+-------+----------------------
         Total | 100.0 | 100.0 |  -nan |  -nan | 100.0 | 111.2
       Dungeon | 100.0 | 100.0 |  -nan |  -nan | 100.0 | 111.2
               +-------+-------+-------+-------+-------+----------------------

Vanquished Creatures
  An ogre (D:5)
  A jelly (D:5)
  2 hounds (D:4)
  A worker ant (D:4)
  Ijyb (D:3)
  6 adders
  A giant mite (D:3)
  3 worms (D:2)
  An orc skeleton (D:5)
  2 giant geckos
  An ooze (D:4)
  4 orcs
  8 bats
  10 giant cockroaches
  12 hobgoblins
  4 jackals
  A ball python (D:2)
  3 giant newts
  11 goblins
  A hobgoblin skeleton (D:5)
  14 kobolds
  A quokka (D:2)
  A quokka zombie (D:5)
  15 rats
  A butterfly (D:2)
106 creatures vanquished.

Notes
Turn   | Place    | Note
--------------------------------------------------------------
     0 | D:1      | magipi, the High Elf Conjurer, began the quest for the Orb.
     0 | D:1      | Reached XP level 1. HP: 11/11 MP: 4/4
   278 | D:1      | Reached XP level 2. HP: 15/17 MP: 1/6
   570 | D:1      | Reached skill level 5 in Conjurations
   897 | D:1      | Reached XP level 3. HP: 19/21 MP: 4/10
  1215 | D:2      | Noticed Terence
  1441 | D:2      | Found a blossoming altar of Fedhas.
  1441 | D:2      | Found a bloodstained altar of Trog.
  1442 | D:2      | Found a sparkling altar of Nemelex Xobeh.
  1739 | D:2      | Reached XP level 4. HP: 27/27 MP: 3/12
  1802 | D:2      | Found a shimmering altar of Xom.
  2320 | D:3      | Reached skill level 6 in Conjurations
  2610 | D:3      | Reached XP level 5. HP: 31/31 MP: 12/15
  2913 | D:3      | Noticed Ijyb
  2923 | D:3      | Killed Ijyb
  2976 | D:3      | Learned a level 5 spell: Iskenderun's Battlesphere
  3324 | D:4      | Found a sparkling altar of Nemelex Xobeh.
  3459 | D:4      | Reached skill level 1 in Charms
  3772 | D:5      | Entered Level 5 of the Dungeon
  3778 | D:5      | Reached XP level 6. HP: 27/36 MP: 18/18
  4021 | D:5      | Noticed Menkaure
  4129 | D:5      | Noticed an ogre
  4136 | D:5      | Killed an ogre
  4136 | D:5      | Reached skill level 5 in Charms
  4150 | D:5      | Mangled by Menkaure

Action                   |  1- 3 |  4- 6 || total
-------------------------+-------+-------++-------
Melee: Unarmed           |     5 |       ||     5
       Dagger            |    41 |    31 ||    72
 Cast: Magic Dart        |   103 |   135 ||   238
       Iskenderun's Batt |       |     2 ||     2
Evoke: Wand              |       |     2 ||     2
  Use: Scroll            |     6 |     9 ||    15
 Stab: Sleeping          |     3 |     3 ||     6
  Eat: Chunk             |     2 |     4 ||     6
       Fruit             |       |     2 ||     2
       Beef jerky        |       |     1 ||     1

Action                   |  1- 3 |  4- 6 || total
-------------------------+-------+-------++-------
Melee: Unarmed           |     5 |       ||     5
       Dagger            |    41 |    31 ||    72
 Cast: Magic Dart        |   103 |   135 ||   238
       Iskenderun's Batt |       |     2 ||     2
Evoke: Wand              |       |     2 ||     2
  Use: Scroll            |     6 |     9 ||    15
 Stab: Sleeping          |     3 |     3 ||     6
  Eat: Chunk             |     2 |     4 ||     6
       Fruit             |       |     2 ||     2
       Beef jerky        |       |     1 ||     1

Action                   |  1- 3 |  4- 6 || total
-------------------------+-------+-------++-------
Melee: Unarmed           |     5 |       ||     5
       Dagger            |    41 |    31 ||    72
 Cast: Magic Dart        |   103 |   135 ||   238
       Iskenderun's Batt |       |     2 ||     2
Evoke: Wand              |       |     2 ||     2
  Use: Scroll            |     6 |     9 ||    15
 Stab: Sleeping          |     3 |     3 ||     6
  Eat: Chunk             |     2 |     4 ||     6
       Fruit             |       |     2 ||     2
       Beef jerky        |       |     1 ||     1
